 Dungeon Crawl Stone Soup version 0.22.0-27-ga576289 (webtiles) character file.

57598 Amnesiac the Nimble (level 14, -4/111 HPs)
             Began as a Mummy Air Elementalist on Aug 21, 2018.
             Was the Champion of Dithmenos.
             Slain by a deep elf mage
             ... wielding a +0 long sword
              (6 damage)
             ... on level 2 of the Elven Halls.
             The game lasted 00:57:29 (31431 turns).

Amnesiac the Nimble (Mummy Air Elementalist)       Turns: 31431, Time: 00:57:30

Health: -4/111     AC:  9    Str: 11    XL:     14   Next: 46%
Magic:  3/51       EV: 18    Int: 20    God:    Dithmenos [******]
Gold:   1502       SH:  0    Dex: 12    Spells: 11/31 levels left

rFire    + . .     SeeInvis .   a - staff of power
rCold    + . .     Gourm    .   v - +0 buckler
rNeg     + + +     Faith    .   y - +2 leather armour {rF+}
rPois    ∞         Spirit   .   u - +0 helmet
rElec    .         Reflect  .   s - +0 cloak
rCorr    .         Harm     .   j - +0 pair of gloves
MR       +....                  d - +0 pair of boots
Stlth    +.........             (no amulet)
HPRegen  0.28/turn              c - ring of protection from fire
MPRegen  0.32/turn              e - ring of magical power

@: confused, wreathed by umbra
A: no food or potions, fire vulnerability, cold resistance 1, negative energy
resistance 3, torment resistance, unbreathing, in touch with death 1
a: Shadow Step, Shadow Form, Renounce Religion


You were on level 2 of the Elven Halls.
You worshipped Dithmenos.
Dithmenos was exalted by your worship.
You were not hungry.

You visited 4 branches of the dungeon, and saw 17 of its levels.
You also visited: Ossuary.

You collected 2060 gold pieces.
You spent 558 gold pieces at shops.

Inventory:

Hand Weapons
 b - the +11 dagger "Zegoenas" {venom, rPois}
   (You took it off a yaktaur on level 12 of the Dungeon)

   It poisons the flesh of those it strikes.
   It protects you from poison.
 w - a +0 blowgun
 D - the cursed +3 broad axe of the Spheres {chop, rF+ Stlth+, unknown}
   (You found it on level 2 of the Elven Halls)

   It inflicts extra damage upon your enemies.
   It protects you from fire.
   It makes you more stealthy.
   It has a curse placed upon it.
Missiles
 h - 36 poisoned needles
Armour
 d - a +0 pair of boots (worn)
 j - a +0 pair of gloves (worn)
 s - a +0 cloak (worn)
 u - a +0 helmet (worn)
 v - a +0 buckler (worn)
 y - a +2 leather armour of fire resistance (worn)
Magical Staves
 a - an uncursed staff of power (weapon)
Jewellery
 c - a ring of protection from fire (left hand)
 e - a ring of magical power (right hand)
Wands
 f - a wand of flame (49)
 i - a wand of iceblast (33)
 k - a wand of paralysis (6)
 t - a wand of random effects (47)
 x - a wand of enslavement (12)
 z - a wand of disintegration (21)
 C - a wand of scattershot (1)
Scrolls
 g - 3 scrolls of enchant armour {!r}
 l - 5 scrolls of amnesia {!r}
 m - 2 scrolls of fear {!r}
 n - a scroll of blinking {!r}
 o - 8 scrolls of teleportation {!r}
 p - 7 scrolls of remove curse {!r}
 q - 4 scrolls of magic mapping {!r}
 r - a scroll of enchant weapon {!r}
 A - a scroll of acquirement {!r}
 B - a scroll of identify {!r}


   Skills:
 + Level 10.7 Fighting
 * Level 12.3 Dodging
 - Level 1.5 Stealth
 - Level 4.0 Shields
 - Level 9.0 Spellcasting
 - Level 9.0 Conjurations
 - Level 9.0 Air Magic
 - Level 4.0 Invocations
 - Level 5.0 Evocations


You had 11 spell levels left.
You knew the following spells:

 Your Spells              Type           Power        Failure   Level  Hunger
a - Airstrike             Air            #####.....   2%          4    N/A
b - Mephitic Cloud        Conj/Pois/Air  ####....     2%          3    N/A
d - Lightning Bolt        Conj/Air       #####.....   7%          5    N/A
e - Shock                 Conj/Air       ####         1%          1    N/A
s - Conjure Flame         Conj/Fire      ####....     4%          3    N/A
v - Blink                 Tloc           N/A          16%         2    N/A
z - Swiftness             Chrm/Air       ####....     2%          2    N/A

Your spell library contained the following spells:

 Spells                   Type           Power        Failure   Level  Hunger
 Magic Dart               Conj           ####         1%          1    N/A
 Searing Ray              Conj           #####.       1%          2    N/A
 Static Discharge         Conj/Air       #####...     1%          3    N/A
 Throw Frost              Conj/Ice       ####..       2%          2    N/A
 Iskenderun's Mystic Bla  Conj           #####...     2%          4    N/A
 Dazzling Spray           Conj/Hex       ####..       4%          3    N/A
 Confusing Touch          Hex            #.....       10%         1    N/A
 Freeze                   Ice            #...         10%         1    N/A
 Call Imp                 Summ           #.......     16%         2    N/A
 Ensorcelled Hibernation  Hex/Ice        #.....       16%         2    N/A
 Slow                     Hex            #.......     16%         2    N/A
 Force Lance              Conj/Tloc      ####....     16%         4    N/A
 Fulminant Prism          Conj/Hex       ####......   16%         4    N/A
 Throw Icicle             Conj/Ice       ####....     16%         4    N/A
 Confuse                  Hex            #.......     30%         3    N/A
 Gell's Gravitas          Tloc           #.........   30%         3    N/A
 Ozocubu's Armour         Chrm/Ice       #.......     30%         3    N/A
 Silence                  Hex/Air        ####......   41%         5    N/A
 Petrify                  Tmut/Erth      #.......     69%         4    N/A
 Summon Ice Beast         Ice/Summ       #.......     69%         4    N/A
 Borgnjor's Vile Clutch   Necr/Erth      ##........   95%         5    N/A
 Metabolic Englaciation   Hex/Ice        #.........   95%         5    N/A
 Yara's Violent Unravell  Hex/Tmut       #.........   95%         5    N/A
 Darkness                 Hex            #.........   100%        6    N/A
 Shadow Creatures         Summ           N/A          100%        6    N/A

Dungeon Overview and Level Annotations

Branches:
Dungeon (12/15)            Temple (1/1) D:6            Lair (0/6) D:8
    Orc (2/2) D:12            Elf (2/3) Orc:2

Altars:
Ashenzari
Dithmenos
Elyvilon
Hepliaklqana
Kikubaaqudgha
Makhleb
Nemelex Xobeh
Okawaru
Qazlal
Sif Muna
Wu Jian
Xom
The Shining One
Lugonu

Shops:
D:5 =   D:8 [(%   D:9 %   D:12 [   Orc:2 ([*=   Elf:1 }


Innate Abilities, Weirdness & Mutations

You do not eat or drink.
Your flesh is vulnerable to fire.
You are immune to poison.
Your flesh is cold resistant. (rC+)
You are immune to negative energy. (rN+++)
You are immune to unholy pain and torment.
You can survive without breathing.
You are in touch with the powers of death.


Message History

The bolt of lightning misses the deep elf death mage.
The bolt of lightning hits the deep elf death mage.
You kill the deep elf death mage!
Dithmenos accepts your kill. The bolt of lightning misses you.
Casting: Lightning Bolt (safe; 7% risk of failure)
Confirm with . or Enter, or press ? or * to list all spells.
Aiming: Lightning Bolt (safe; 7% risk of failure)
Press: ? - help, Shift-Dir - straight line, f - deep elf knight
Aim: a deep elf knight, wielding a scimitar, wearing a chain mail and wearing a shield (umbra)
You hear a mighty clap of thunder!
The bolt of lightning hits the deep elf knight.
The deep elf knight is heavily wounded.
The bolt of lightning hits the deep elf knight.
The deep elf knight is almost dead.
You hear a shout!
The deep elf knight gestures wildly while chanting.
The deep elf knight seems to speed up.
Unknown command.
Evoke which item? (* to show all) (? for menu, Esc to quit)
Aiming: Disintegrate
Press: ? - help, Shift-Dir - straight line, f/p - deep elf knight
Aim: a deep elf knight, wielding a scimitar, wearing a chain mail and wearing a shield (severely wounded, fast, umbra, chance to defeat MR: 34%)
The deep elf knight is blasted.
You blow up the deep elf knight!
Dithmenos accepts your kill.
A deep elf archer comes into view. It is wielding a dagger.
A war axe of electrocution comes into view.
Okay, then.
The deep elf archer unwields an uncursed dagger.
The deep elf archer wields an uncursed shortbow.
The deep elf archer shoots an arrow.
The arrow hits you.
A deep elf mage comes into view. It is wielding a long sword.
You see here an arrow.
The deep elf archer shoots an arrow.
The arrow closely misses you. The war axe of electrocution hits you!!
The war axe of electrocution hits you!!
You are electrocuted!
* * * LOW HITPOINT WARNING * * *
The deep elf archer casts a spell at you.
You are confused.
You're too confused to cast spells.
You're too confused to cast spells.
You're too confused!
Unknown command.
You bump into the rock wall.
The war axe of electrocution hits you.
* * * LOW HITPOINT WARNING * * *
You are electrocuted!
* * * LOW HITPOINT WARNING * * *
The deep elf mage barely misses you.
The deep elf archer shoots an arrow.
The arrow hits you!
* * * LOW HITPOINT WARNING * * *
Unknown command.
Unknown command.
Unknown command.
Unknown command.
You bump into the rock wall.
The war axe of electrocution hits you!
* * * LOW HITPOINT WARNING * * *
The deep elf mage hits you but does no damage.
The deep elf archer shoots an arrow.
The arrow completely misses you.
You bump into the rock wall.
The war axe of electrocution closely misses you.
The deep elf mage hits you with a long sword.
You die...

.. #e
.....+...####.. ....
.....###.# ### .#e
.....###'## ..#
..........# #..
..........# #..
.........#
#e########+###.....#
#)).(.(...###.....#
#.
#...%.@e...##.....#
#
########....'.....#
##..##....##
##..##...##
#....'..## #....'..#
#.##.#..# #.##.#....
#'##.##.#.


You could see a deep elf archer, a deep elf mage and a war axe of electrocution.

Vanquished Creatures
  A deep elf sorcerer (Elf:1)
  An orc warlord (Orc:2)
  Nessos (D:12)
  2 minotaurs (D:12)
  A deep elf annihilator (Elf:1)
  A deep elf death mage (Elf:2)
  Josephine (D:10)
  A deep elf high priest (Elf:1)
  An ettin (Orc:1)
  Harold (D:8)
  Erolcha (D:9)
  A two-headed ogre (D:10)
  A death knight (D:12)
  5 dancing weapons
  2 death yaks
  4 orc high priests
  8 deep elf knights
  6 deep elf archers
  5 orc knights
  4 orc sorcerers
  A cyclops (D:11)
  A manticore (D:12)
  25 deep elf magi
  An ugly thing (D:11)
  A centaur zombie (D:12)
  Maurice (D:12)
  A komodo dragon (D:8)
  A centaur skeleton (D:12)
  9 yaktaurs (D:12)
  A queen bee (D:11)
  2 trolls
  2 hornets
  6 hippogriffs
  A vampire (D:10)
  4 wraiths
  2 water elementals
  A wyvern (D:11)
  18 yaks
  2 fire elementals (Elf:1)
  3 humans (D:6)
  A hungry ghost (D:11)
  Grum (D:9)
  2 wargs
  4 ice beasts
  A black bear (D:8)
  35 orc warriors
  3 sky beasts
  16 ogres
  3 phantoms
  2 necrophages
  3 wolves (D:9)
  5 centaurs
  A crocodile (D:12)
  6 big kobolds
  A gnoll sergeant (D:6)
  8 bullfrogs
  2 earth elementals (Elf:1)
  3 water moccasin zombies (Ossuary)
  A wyvern skeleton (D:8)
  2 scorpions
  20 killer bees
  2 vampire bats (D:3)
  An electric eel (D:12)
  3 howler monkeys (D:9)
  8 crimson imps
  4 bullfrog zombies
  8 hounds
  2 jellies
  19 orc priests
  26 orc wizards
  7 worker ants
  3 iguanas
  A big kobold zombie (Ossuary)
  2 hound zombies
  3 hound skeletons
  2 mummies (Ossuary)
  21 gnolls
  2 howler monkey skeletons
  2 worker ant zombies
  15 adders
  4 shadow imps
  9 adder zombies (Ossuary)
  4 adder skeletons
  A worm (D:3)
  4 dart slugs
  7 leopard geckos
  92 orcs
  4 ball pythons
  4 bat skeletons (D:3)
  3 bat zombies (D:3)
  6 giant cockroaches
  11 goblins
  12 hobgoblins
  12 jackals
  9 quokkas
  8 bats
  6 frilled lizards
  5 gnoll zombies (Ossuary)
  3 hobgoblin zombies (Ossuary)
  A jackal zombie (D:5)
  27 kobolds
  3 orc zombies (Ossuary)
  2 quokka skeletons
  9 rats
628 creatures vanquished.

Vanquished Creatures (others)
  2 plants (D:8)
2 creatures vanquished.

Grand Total: 630 creatures vanquished

Notes
Turn   | Place    | Note
-------+----------+-------------------------------------------
     0 | D:1      | Amnesiac the Mummy Air Elementalist began the quest for the Orb.
     0 | D:1      | Reached XP level 1. HP: 13/13 MP: 4/4
   409 | D:1      | Reached XP level 2. HP: 15/19 MP: 1/5
   416 | D:1      | Learned a level 2 spell: Swiftness
   900 | D:3      | Reached XP level 3. HP: 13/24 MP: 0/7
   905 | D:3      | Learned a level 3 spell: Mephitic Cloud
  1158 | D:4      | Noticed an ogre
  1176 | D:4      | Killed an ogre
  1176 | D:4      | Reached XP level 4. HP: 12/30 MP: 1/10
  1176 | D:4      | Reached XP level 5. HP: 15/35 MP: 1/11
  1182 | D:4      | Learned a level 4 spell: Airstrike
  1520 | D:4      | Learned a level 2 spell: Blink
  1695 | D:4      | Reached XP level 6. HP: 15/41 MP: 6/13
  1927 | D:4      | Found a shattered altar of Ashenzari.
  2173 | D:4      | Reached skill level 5 in Air Magic
  2196 | D:4      | Reached skill level 5 in Spellcasting
  2480 | D:5      | Entered Level 5 of the Dungeon
  2981 | D:5      | Found Ruragra's Jewellery Shop.
  2990 | D:5      | Reached XP level 7. HP: 46/46 MP: 13/15
  3873 | D:5      | Reached XP level 8. HP: 21/52 MP: 13/18
  4469 | D:6      | Found a sand-covered staircase.
  4552 | Ossuary  | Entered an ossuary
  5026 | Ossuary  | Reached skill level 1 in Conjurations
  5583 | D:5      | Learned a level 5 spell: Lightning Bolt
  5861 | D:6      | Reached XP level 9. HP: 49/57 MP: 8/21
  6243 | D:6      | Found a staircase to the Ecumenical Temple.
  6251 | Temple   | Entered the Ecumenical Temple
  6266 | Temple   | Became a worshipper of Dithmenos the Shadowed
  6376 | D:6      | Found a white marble altar of Elyvilon.
  6423 | D:6      | Reached skill level 5 in Conjurations
  6615 | D:2      | Found a hazy altar of Hepliaklqana.
  6854 | D:1      | Reached * piety under Dithmenos
  7506 | D:2      | Found a faded altar of an unknown god.
  7628 | D:2      | Found a deep blue altar of Sif Muna.
  7764 | D:2      | Learned a level 3 spell: Conjure Flame
  8001 | D:3      | Found a burning altar of Makhleb.
  8086 | D:3      | Reached ** piety under Dithmenos
  8259 | D:3      | Found an ancient bone altar of Kikubaaqudgha.
 10100 | D:8      | Reached XP level 10. HP: 63/63 MP: 7/22
 10173 | D:8      | Found Beniun's Armour Boutique.
 10504 | D:8      | Bought a +0 cloak for 49 gold pieces
 10504 | D:8      | Bought a +0 buckler for 49 gold pieces
 10671 | D:8      | Noticed Harold
 10842 | D:8      | Found a staircase to the Lair.
 11382 | D:8      | Killed Harold
 11382 | D:8      | Reached skill level 1 in Shields
 11572 | D:8      | Found Bysch's General Store.
 11599 | D:8      | Reached *** piety under Dithmenos
 11689 | D:8      | Found Folum's Weapon Boutique.
 11694 | D:8      | Found Odessah's Food Emporium.
 12204 | D:9      | Found Doinegim's Food Shoppe.
 12304 | D:9      | Noticed Grum
 12311 | D:9      | Killed Grum
 12709 | D:9      | Found a sparkling altar of Nemelex Xobeh.
 12988 | D:9      | Reached XP level 11. HP: 68/68 MP: 0/24
 13336 | D:9      | Noticed Erolcha
 13365 | D:10     | Entered Level 10 of the Dungeon
 13732 | D:10     | Noticed Josephine
 13746 | D:10     | Reached skill level 2 in Dodging
 14082 | D:9      | Killed Erolcha
 14082 | D:9      | Reached skill level 1 in Fighting
 14516 | D:10     | Noticed a two-headed ogre
 14528 | D:10     | Killed a two-headed ogre
 14528 | D:10     | Reached skill level 3 in Dodging
 14954 | D:10     | Reached **** piety under Dithmenos
 15089 | D:9      | Reached skill level 4 in Dodging
 15216 | D:10     | Killed Josephine
 15216 | D:10     | Reached skill level 1 in Invocations
 15216 | D:10     | Reached skill level 1 in Evocations
 16370 | D:11     | Noticed a brown ugly thing
 17499 | D:11     | Killed a brown ugly thing
 18398 | D:12     | Reached XP level 12. HP: 83/83 MP: 13/25
 18404 | D:12     | Noticed Nessos
 18414 | D:12     | Killed Nessos
 18760 | D:12     | Reached skill level 5 in Dodging
 19122 | D:12     | Found Pacionass's Armour Shoppe.
 19127 | D:12     | Noticed a death knight
 19132 | D:12     | Killed a death knight
 19132 | D:12     | Reached skill level 5 in Fighting
 19132 | D:12     | Reached skill level 5 in Evocations
 19734 | D:12     | Noticed a death yak
 19750 | D:12     | Reached skill level 6 in Dodging
 19962 | D:12     | Noticed a death yak
 19982 | D:12     | Noticed a minotaur
 20479 | D:12     | Killed a minotaur
 21163 | D:12     | Found a staircase to the Orcish Mines.
 21166 | D:12     | Reached ***** piety under Dithmenos
 21193 | D:12     | Reached skill level 7 in Dodging
 21449 | D:12     | Found a corrupted altar of Lugonu.
 21617 | D:12     | Got an uncursed faintly glowing dagger {venom}
 21710 | D:12     | Killed a death yak
 22040 | D:12     | Noticed a death yak
 22051 | D:12     | Noticed a minotaur
 22105 | D:11     | Killed a death yak
 22456 | D:12     | Killed a minotaur
 22456 | D:12     | Reached skill level 8 in Dodging
 22809 | D:12     | Identified a scroll of acquirement {!r}
 22810 | D:12     | Identified the +11 dagger "Zegoenas" {venom, rPois} (You took it off a yaktaur on level 12 of the Dungeon)
 22964 | Orc:1    | Entered Level 1 of the Orcish Mines
 22972 | Orc:1    | Noticed Maurice
 23126 | D:12     | Killed Maurice
 23171 | Orc:1    | Noticed an ettin
 23185 | Orc:1    | Killed an ettin
 23560 | Orc:2    | Entered Level 2 of the Orcish Mines
 23563 | Orc:2    | Gained mutation: You are in touch with the powers of death. [Mummy growth]
 23563 | Orc:2    | Reached XP level 13. HP: 96/96 MP: 26/26
 24799 | Orc:1    | Reached skill level 9 in Dodging
 24897 | Orc:2    | Found a staircase to the Elven Halls.
 25078 | Orc:2    | Noticed an orc warlord
 25832 | Orc:2    | Reached ****** piety under Dithmenos
 26873 | Orc:2    | Killed an orc warlord
 26873 | Orc:2    | Reached skill level 10 in Dodging
 27399 | Orc:2    | Found Pasoent's Antique Armour Emporium.
 27400 | Orc:2    | Found Foahish's Antique Weapon Emporium.
 27401 | Orc:2    | Found Elaraewn's General Store.
 27401 | Orc:2    | Found Lanei's Jewellery Shoppe.
 27579 | Orc:2    | Bought an uncursed ring of magical power for 300 gold pieces
 27648 | Orc:2    | Bought a runed leather armour for 160 gold pieces
 27695 | Elf:1    | Entered Level 1 of the Elven Halls
 28166 | Elf:1    | Found Wierr's Gadget Boutique.
 28355 | Elf:1    | Noticed a deep elf annihilator
 28366 | Elf:1    | Noticed a deep elf sorcerer
 28366 | Elf:1    | Killed a deep elf annihilator
 28386 | Elf:1    | Killed a deep elf sorcerer
 28746 | Elf:1    | Reached skill level 11 in Dodging
 29288 | Elf:1    | Reached XP level 14. HP: 105/109 MP: 27/27
 29457 | Elf:1    | Reached skill level 10 in Fighting
 31212 | Elf:2    | Reached skill level 12 in Dodging
 31389 | Elf:2    | Got an ancient broad axe
 31430 | Elf:2    | HP: 2/111 [war axe of electrocution (13)]
 31431 | Elf:2    | Slain by a deep elf mage

Skill      XL: |  1  2  3  4  5  6  7  8  9 10 11 12 13 14 |
---------------+-------------------------------------------+-----
Air Magic      | 3 4 5 6 8 9 |  9.0
Spellcasting   | 3 4 5 6 8 9 |  9.0
Conjurations   | 3 7 9 |  9.0
Shields        | 3 4 |  4.0
Dodging        | 4 8 11 12 | 12.3
Fighting       | 4 7 9 10 | 10.7
Invocations    | 4 |  4.0
Evocations     | 4 5 |  5.0
Stealth        | |  1.5

Action                   |  1- 3 |  4- 6 |  7- 9 | 10-12 | 13-15 || total
-------------------------+-------+-------+-------+-------+-------++-------
Melee: Unarmed           |    10 |       |       |       |       ||    10
       Falchion          |     2 |     1 |       |    31 |       ||    34
       Whip              |     1 |       |    28 |     7 |       ||    36
       Staff             |       |       |       |     9 |     2 ||    11
 Cast: Shock             |    54 |    71 |   313 |   213 |    36 ||   687
       Airstrike         |       |     1 |    67 |   358 |   277 ||   703
       Mephitic Cloud    |       |       |     6 |       |       ||     6
       Lightning Bolt    |       |       |    14 |    34 |    57 ||   105
       Swiftness         |       |       |     1 |     1 |       ||     2
Evoke: Wand              |       |       |     6 |    31 |     4 ||    41
  Use: Scroll            |       |     2 |    12 |     5 |     1 ||    20
Armor: Robe              |     9 |    17 |    35 |    31 |       ||    92
       Leather armour    |       |       |       |     5 |    22 ||    27
Dodge: Dodged            |    37 |    42 |   109 |   189 |   179 ||   556
Block: Buckler           |       |       |       |    44 |    43 ||    87
       Rpst.: Falchion   |     6 |    11 |    12 |    22 |       ||    51
